 Dungeon Crawl Stone Soup version 0.23.2-40-g277498a001 (webtiles) character file.

Game seed: 17400019470794967629

748 Drevant2 the Grappler (level 7, -5/66 HPs)
             Began as a Troll Monk on Aug 11, 2019.
             Was a Priest of Wu Jian.
             Slain by a gnoll
             ... wielding a +0 club
              (7 damage)
             ... on level 5 of the Dungeon on Aug 13, 2019.
             The game lasted 00:11:39 (3702 turns).

Drevant2 the Grappler (Troll Monk)                  Turns: 3702, Time: 00:11:39

Health: -5/66      AC:  6    Str: 20    XL:     7   Next: 48%
Magic:  6/6        EV: 10    Int:  6    God:    Wu Jian [***...]
Gold:   290        SH:  0    Dex: 14    Spells: 6/6 levels left

rFire    . . .     SeeInvis .     - Unarmed
rCold    . . .     Gourm    +   (no shield)
rNeg     . . .     Faith    .   a - +0 robe
rPois    .         Spirit   .   (helmet restricted)
rElec    .         Reflect  .   (no cloak)
rCorr    .         Harm     .   (gloves unavailable)
MR       .....                  (boots unavailable)
Stlth    ++........             (no amulet)
HPRegen  0.61/turn              (no ring)
MPRegen  0.10/turn              (no ring)

@: no status effects
A: large, unfitting armour, claws 3, fast metabolism 3, gourmand, regeneration
1, shaggy fur 1, tough skin 3
a: Wall Jump, Serpent's Lash, Renounce Religion


You were on level 5 of the Dungeon.
You worshipped Wu Jian.
Wu Jian was most pleased with you.
You were completely stuffed.

You visited 1 branch of the dungeon, and saw 5 of its levels.
You also visited: Sewer.

You collected 290 gold pieces.

Inventory:

Missiles
 q - 8 poisoned javelins (quivered)
Armour
 a - a +0 robe (worn)
 v - a +0 cloak
Jewellery
 e - an uncursed amulet of regeneration {unknown}
 o - an uncursed amulet of harm {unknown}
 p - a +3 ring of strength {unknown}
 t - an uncursed amulet of guardian spirit {unknown}
Scrolls
 c - 7 scrolls of teleportation {unknown}
 f - 4 scrolls of remove curse {unknown}
 h - 2 scrolls of amnesia {unknown}
 i - 2 scrolls of identify {unknown}
 l - a scroll of random uselessness {unknown}
 m - 4 scrolls of fear {unknown}
 n - 2 scrolls of noise {unknown}
 s - a scroll of enchant weapon {unknown}
 x - a scroll of fog {unknown}
 y - 3 scrolls of blinking {unknown}
Potions
 d - 2 potions of might {unknown}
 g - 3 potions of mutation {unknown}
 j - a potion of haste {unknown}
 k - a potion of lignification {unknown}
 r - a potion of curing {unknown}
 u - 2 potions of heal wounds {unknown}
 w - a potion of resistance {unknown}
Comestibles
 b - 3 rations
 z - 2 chunks of flesh


   Skills:
 - Level 2.4 Fighting
 - Level 2.4 Dodging
 - Level 1.0 Stealth
 + Level 8.9 Unarmed Combat


You had 6 spell levels left.
You didn't know any spells.
Your spell library contained the following spells:

 Spells                   Type           Power        Failure   Level  Hunger
 Corona                   Hex            #......      45%         1    ##.....
 Ensorcelled Hibernation  Hex/Ice        #.....       58%         2    ###....
 Confuse                  Hex            #.......     83%         3    ####...
 Dazzling Spray           Conj/Hex       #.....       83%         3    ####...
 Tukima's Dance           Hex            #.......     83%         3    ####...


Dungeon Overview and Level Annotations

Branches:
Dungeon (5/15)
 Temple: D:4-7

Altars:
Cheibriados
Makhleb
Nemelex Xobeh
Wu Jian
Zin
The Shining One


Innate Abilities, Weirdness & Mutations

You are too large for most types of armour.
You have claws for hands.
Your metabolism is lightning-fast.
You like to eat raw meat.
Your natural rate of healing is unusually fast.
You are covered in fur. (AC +1)
You have extremely tough skin. (AC +3)


Message History

The gnoll hits you with a +0 spear.
* * * LOW HITPOINT WARNING * * *
The gnoll closely misses you.
You claw the gnoll!
The gnoll is heavily wounded.
The gnoll closely misses you.
You claw the gnoll!
The gnoll is almost dead.
The gnoll closely misses you. x2
You claw the gnoll!
You kill the gnoll!
The Council accepts your kill. The gnoll hits you with a +0 club.
* * * LOW HITPOINT WARNING * * *
You spin and attack the gnoll.
You scratch the gnoll.
The gnoll is severely wounded.
The orc hits you.
* * * LOW HITPOINT WARNING * * *
The gnoll hits you with a +0 club!
You die...

### .# ..# .# #.##.#
##.##.#####
.........# #.##.###.#
.#.#.#@#...##.######
......og))...#.......
#.###.###........#
... ##....≈≈≈# ###
#...≈≈≈≈# #.#.≈≈≈≈#
##+#≈≈≈≈.#
##.÷.###### ##..÷..##


You could see a gnoll (pinned) and an orc.

Vanquished Creatures
  Sigmund (D:3)
  A gnoll sergeant (D:5)
  A scorpion (D:2)
  A hound (D:4)
  Crazy Yiuf (D:3)
  An orc priest (D:3)
  A bullfrog skeleton (D:4)
  Terence (D:3)
  7 gnolls
  A river rat (D:5)
  13 adders
  A shadow imp (D:4)
  An ooze (D:4)
  4 worms
  A dart slug (D:2)
  A leopard gecko (D:3)
  14 orcs
  6 bats
  5 giant cockroaches
  9 hobgoblins
  4 jackals (D:3)
  4 ball pythons
  13 frilled lizards
  8 goblins
  5 kobolds
  A quokka skeleton (D:4)
  14 rats
120 creatures vanquished.

Notes
Turn   | Place    | Note
-------+----------+-------------------------------------------
     0 | D:1      | Drevant2 the Troll Monk began the quest for the Orb.
     0 | D:1      | Reached XP level 1. HP: 22/22 MP: 0/0
   108 | D:1      | Reached XP level 2. HP: 25/29 MP: 1/1
   683 | D:2      | Reached skill level 4 in Unarmed Combat
   759 | D:2      | Noticed a scorpion
   880 | D:2      | Reached XP level 3. HP: 36/36 MP: 2/2
   893 | D:2      | Found a glowing silver altar of Zin.
  1152 | D:2      | Killed a scorpion
  1152 | D:2      | Reached skill level 5 in Unarmed Combat
  1152 | D:2      | Reached XP level 4. HP: 35/44 MP: 3/3
  1430 | D:2      | Found a snail-covered altar of Cheibriados.
  1452 | D:2      | Found an ornate altar of the Wu Jian Council.
  1506 | D:2      | Became a worshipper of the Wu Jian Council
  1506 | D:2      | Reached * piety under Wu Jian
  1506 | D:2      | Reached ** piety under Wu Jian
  1683 | D:3      | Reached XP level 5. HP: 48/50 MP: 4/4
  1690 | D:3      | Reached skill level 6 in Unarmed Combat
  1984 | D:3      | Noticed Terence
  1995 | D:3      | Killed Terence
  2004 | D:3      | Found a glowing golden altar of the Shining One.
  2079 | D:3      | Reached XP level 6. HP: 56/59 MP: 5/5
  2258 | D:3      | Found a runed translucent door.
  2258 | D:3      | Noticed Sigmund
  2259 | D:3      | Noticed Crazy Yiuf
  2269 | D:3      | Killed Crazy Yiuf
  2269 | D:3      | Reached skill level 7 in Unarmed Combat
  2275 | D:3      | Killed Sigmund
  2461 | D:3      | Upgraded the game from 0.23.2-33-g5129a83184 to
                  | 0.23.2-40-g277498a001
  2698 | D:4      | Reached skill level 8 in Unarmed Combat
  2730 | D:4      | Found a burning altar of Makhleb.
  2767 | D:4      | Reached XP level 7. HP: 66/66 MP: 6/6
  2774 | D:4      | Reached *** piety under Wu Jian
  3167 | D:4      | Found a sparkling altar of Nemelex Xobeh.
  3364 | D:5      | Entered Level 5 of the Dungeon
  3383 | D:5      | Found a glowing drain.
  3391 | Sewer    | Entered a sewer
  3698 | D:5      | HP: 3/66 [gnoll/+0 spear (4)]
  3702 | D:5      | Slain by a gnoll

Skill      XL: |  1  2  3  4  5  6 |
---------------+-------------------+-----
Unarmed Combat | 4 5 6 8 |  8.9
Fighting       | |  2.4
Dodging        | |  2.4
Stealth        | |  1.0

Action                   |  1- 3 |  4- 6 |  7- 9 || total
-------------------------+-------+-------+-------++-------
Melee: Unarmed           |    67 |   142 |    95 ||   304
       Punch             |     1 |     2 |     5 ||     8
Invok: Lunge             |       |    11 |    14 ||    25
       Whirlwind         |       |       |     1 ||     1
 Abil: Wall Jump         |       |     1 |       ||     1
 Stab: Sleeping          |     2 |     1 |     5 ||     8
       Distracted        |       |       |     1 ||     1
  Eat: Chunk             |     4 |    12 |    17 ||    33
       Ration            |     1 |     1 |       ||     2
Armor: Robe              |    28 |    59 |    22 ||   109
Dodge: Dodged            |    26 |    74 |    41 ||   141
